3L
KINGSTON TOWNSHIP KNIGHTS @ GREENVILLE 84S
07/21/2034
 
TOP OF THE 1ST
Kingston Township Knights batting - Pitching for Greenville 84s : LHP Zadock Dinkelmann
Pitching: LHP Zadock Dinkelmann
Batting: RHB Alfredo Cardenas 0-0: Hit by Pitch
Batting: RHB Júlio Rodríguez 0-0: Ball
1-0: Ball
Alfredo Cardenas steals 2nd base
2-0: Called Strike
2-1: Called Strike
2-2: Ball
3-2: Base on Balls
Batting: RHB Ron Bernard 0-0: Foul Ball, location: 2F
0-1: Swinging Strike
0-2: SINGLE (Line Drive, 8RS)
Alfredo Cardenas to third
Júlio Rodríguez to second
Runner from 3rd tries for Home, throw and OUT!
Batting: RHB EP Weston 0-0: Fly out, F6 (Line Drive, 6)
Batting: RHB Gustavo Mateo 0-0: Foul Ball, location: 2F
0-1: Called Strike
0-2: Ball
1-2: Strikes out swinging
Top of the 1st over - 0 runs, 1 hit, 0 errors, 2 left on base; Kingston Township 0 - Greenville 0
BOTTOM OF THE 1ST
Greenville 84s batting - Pitching for Kingston Township Knights : LHP Pete Rhue
Pitching: LHP Pete Rhue
Now in CF: Ruben Yim
Batting: LHB Craig Morgan 0-0: Foul Ball, location: 2F
0-1: Ball
1-1: Swinging Strike
1-2: Ball
2-2: Ball
3-2: Fly out, F7 (Line Drive, 7)
Batting: LHB Danny Trautmann 0-0: Ball
1-0: Called Strike
1-1: Swinging Strike
1-2: Foul Ball, location: 2F
1-2: Fly out, F7 (Flyball, 7S)
Batting: RHB Edgar Baeza 0-0: Ball
1-0: Ground out 4-3 (Groundball, 4M)
Bottom of the 1st over - 0 runs, 0 hits, 0 errors, 0 left on base; Kingston Township 0 - Greenville 0
TOP OF THE 2ND
Kingston Township Knights batting - Pitching for Greenville 84s : LHP Zadock Dinkelmann
Batting: RHB Dani Trejo 0-0: Called Strike
0-1: Ball
1-1: Foul Ball, location: 2F
1-2: Strikes out swinging
Batting: LHB Gustavo Cortéz 0-0: Ball
1-0: Called Strike
1-1: Ball
2-1: Ground out 4-3 (Groundball, 4)
Batting: RHB Alejandro Serrato 0-0: Ball
1-0: Swinging Strike
1-1: SINGLE (Line Drive, 7S)
Batting: LHB António González 0-0: Ball
1-0: Foul Ball, location: 2F
1-1: Fly out, F1 (Line Drive, 13)
Top of the 2nd over - 0 runs, 1 hit, 0 errors, 1 left on base; Kingston Township 0 - Greenville 0
BOTTOM OF THE 2ND
Greenville 84s batting - Pitching for Kingston Township Knights : LHP Pete Rhue
Batting: RHB Doug Allerdale 0-0: Called Strike
0-1: Called Strike
0-2: Ground out 6-3 (Groundball, 56)
Batting: LHB Kanko Umaba 0-0: Ball
1-0: Foul Ball, location: 2F
1-1: Ball
2-1: Fly out, F3 (Line Drive, 34)
Batting: RHB Vito Middendorf 0-0: Called Strike
0-1: Fly out, F2 (Popup, 3SF)
Bottom of the 2nd over - 0 runs, 0 hits, 0 errors, 0 left on base; Kingston Township 0 - Greenville 0
TOP OF THE 3RD
Kingston Township Knights batting - Pitching for Greenville 84s : LHP Zadock Dinkelmann
Batting: LHB Ruben Yim 0-0: Ball
1-0: Bunted foul
1-1: Ball
2-1: Foul Ball, location: 2F
2-2: Foul Ball, location: 2F
2-2: Foul Ball, location: 2F
2-2: Ball
3-2: Foul Ball, location: 2F
3-2: Base on Balls
Batting: RHB Júlio Rodríguez 0-0: Ball
1-0: Called Strike
1-1: Ball
2-1: Foul Ball, location: 2F
2-2: Fly out, F4 (Popup, 34)
Batting: RHB Ron Bernard 0-0: Ball
1-0: Called Strike
Ruben Yim steals 2nd base
1-1: Ball
2-1: Called Strike
2-2: Ball
3-2: Foul Ball, location: 2F
3-2: Fly out, F8 (Line Drive, 8RXD)
Runner from 2nd tags up, SAFE at 3rd, no throw
Batting: RHB EP Weston 0-0: Ball
1-0: Ground out 5-3 (Groundball, 5)
Top of the 3rd over - 0 runs, 0 hits, 0 errors, 1 left on base; Kingston Township 0 - Greenville 0
BOTTOM OF THE 3RD
Greenville 84s batting - Pitching for Kingston Township Knights : LHP Pete Rhue
Batting: LHB Tim Stinson 0-0: Called Strike
0-1: Ball
1-1: Ball
2-1: SINGLE (Line Drive, 8LS)
Batting: RHB Yasuhide Nakashima 0-0: Ball
1-0: Ball
2-0: Foul Ball, location: 2F
2-1: Foul Ball, location: 2F
2-2: Grounds into double play, 4-6-3 (Groundball, 4)
Batting: RHB Scott Dourque 0-0: Ball
1-0: Fly out, F8 (Flyball, 8RS)
Bottom of the 3rd over - 0 runs, 1 hit, 0 errors, 0 left on base; Kingston Township 0 - Greenville 0
TOP OF THE 4TH
Kingston Township Knights batting - Pitching for Greenville 84s : LHP Zadock Dinkelmann
Batting: RHB Gustavo Mateo 0-0: Ball
1-0: Ground out 5-3 (Groundball, 56)
Batting: RHB Dani Trejo 0-0: Called Strike
0-1: Ball
1-1: Ball
2-1: Ball
3-1: Ground out 6-3 (Groundball, 6)
Batting: LHB Gustavo Cortéz 0-0: Ground out 5-3 (Groundball, 56)
Top of the 4th over - 0 runs, 0 hits, 0 errors, 0 left on base; Kingston Township 0 - Greenville 0
BOTTOM OF THE 4TH
Greenville 84s batting - Pitching for Kingston Township Knights : LHP Pete Rhue
Batting: LHB Craig Morgan 0-0: Called Strike
0-1: Ball
1-1: Fly out, F6 (Popup, 4MD)
Batting: LHB Danny Trautmann 0-0: Ball
1-0: Ball
2-0: Called Strike
2-1: Called Strike
2-2: Ball
3-2: SINGLE (Flyball, 89S)
Batting: RHB Edgar Baeza 0-0: Called Strike
0-1: Called Strike
0-2: Fly out, F8 (Flyball, 8LS)
Batting: RHB Doug Allerdale 0-0: Called Strike
0-1: Swinging Strike
0-2: Strikes out swinging
Bottom of the 4th over - 0 runs, 1 hit, 0 errors, 1 left on base; Kingston Township 0 - Greenville 0
TOP OF THE 5TH
Kingston Township Knights batting - Pitching for Greenville 84s : LHP Zadock Dinkelmann
Batting: RHB Alejandro Serrato 0-0: Ball
1-0: Foul Ball, location: 2F
1-1: Ball
2-1: Foul Ball, location: 2F
2-2: Fly out, F4 (Line Drive, 4)
Batting: LHB António González 0-0: Ball
1-0: Called Strike
1-1: Ball
2-1: Called Strike
2-2: Strikes out swinging
Batting: LHB Ruben Yim 0-0: Called Strike
0-1: Bunt for hit - play at first, batter OUT! 2-3
Top of the 5th over - 0 runs, 0 hits, 0 errors, 0 left on base; Kingston Township 0 - Greenville 0
BOTTOM OF THE 5TH
Greenville 84s batting - Pitching for Kingston Township Knights : LHP Pete Rhue
Batting: LHB Kanko Umaba 0-0: Ball
1-0: Swinging Strike
1-1: Called Strike
1-2: SOLO HOME RUN (Flyball, 89XD), Distance : 412 ft
Batting: RHB Vito Middendorf 0-0: Called Strike
0-1: Called Strike
0-2: Strikes out looking and he ARGUES THE CALL AND IS TOSSED!
Batting: LHB Tim Stinson 0-0: Foul Ball, location: 2F
0-1: Foul Ball, location: 2F
0-2: Ground out 4-3 (Groundball, 4)
Batting: RHB Yasuhide Nakashima 0-0: Ball
1-0: Called Strike
1-1: Fly out, F2 (Popup, 25F)
Bottom of the 5th over - 1 run, 1 hit, 0 errors, 0 left on base; Kingston Township 0 - Greenville 1
TOP OF THE 6TH
Kingston Township Knights batting - Pitching for Greenville 84s : LHP Zadock Dinkelmann
Now at 2B: Thom Beach
Batting: RHB Júlio Rodríguez 0-0: Fly out, F8 (Flyball, 8RM)
Batting: RHB Ron Bernard 0-0: Ball
1-0: Fly out, F9 (Flyball, 9LS)
Batting: RHB EP Weston 0-0: Fly out, F7 (Flyball, 7)
Top of the 6th over - 0 runs, 0 hits, 0 errors, 0 left on base; Kingston Township 0 - Greenville 1
BOTTOM OF THE 6TH
Greenville 84s batting - Pitching for Kingston Township Knights : LHP Pete Rhue
Batting: RHB Scott Dourque 0-0: Ball
1-0: Ball
2-0: Ball
3-0: Base on Balls
Batting: LHB Craig Morgan 0-0: Called Strike
0-1: Ball
1-1: Fly out, F9 (Line Drive, 9)
Batting: LHB Danny Trautmann 0-0: Ball
1-0: Ball
2-0: Foul Ball, location: 2F
2-1: Foul Ball, location: 2F
2-2: Fly out, F9 (Flyball, 9S)
Batting: RHB Edgar Baeza 0-0: Ball
1-0: Ball
Scott Dourque steals 2nd base
2-0: Ball
3-0: Called Strike
3-1: Fly out, F8 (Flyball, 89S)
Bottom of the 6th over - 0 runs, 0 hits, 0 errors, 1 left on base; Kingston Township 0 - Greenville 1
TOP OF THE 7TH
Kingston Township Knights batting - Pitching for Greenville 84s : LHP Zadock Dinkelmann
Batting: RHB Gustavo Mateo 0-0: Ball
1-0: Ball
2-0: Ball
3-0: Fly out, F8 (Flyball, 8LM)
Pitching: RHP Valentín Montenegro
Batting: RHB Dani Trejo 0-0: Called Strike
0-1: Fly out, F5 (Popup, 56S)
Batting: LHB Gustavo Cortéz 0-0: Called Strike
0-1: Foul Ball, location: 2F
0-2: Ground out 5-3 (Groundball, 56S)
Top of the 7th over - 0 runs, 0 hits, 0 errors, 0 left on base; Kingston Township 0 - Greenville 1
BOTTOM OF THE 7TH
Greenville 84s batting - Pitching for Kingston Township Knights : LHP Pete Rhue
Batting: RHB Doug Allerdale 0-0: Ball
1-0: Fly out, F4 (Popup, 34)
Batting: LHB Kanko Umaba 0-0: Ball
1-0: DOUBLE (Line Drive, 8RXD)
Batting: RHB Thom Beach 0-0: Ball
1-0: SINGLE (Flyball, 9LS)
Kanko Umaba to third
Runner from 3rd tries for Home, SAFE, no throw
Batting: LHB Tim Stinson 0-0: Fly out, F6 (Line Drive, 6)
Batting: RHB Yasuhide Nakashima 0-0: Called Strike
0-1: Foul Ball, location: 2F
0-2: Ground out U3 (Groundball, 3S)
Bottom of the 7th over - 1 run, 2 hits, 0 errors, 1 left on base; Kingston Township 0 - Greenville 2
TOP OF THE 8TH
Kingston Township Knights batting - Pitching for Greenville 84s : RHP Valentín Montenegro
Batting: RHB Alejandro Serrato 0-0: Foul Ball, location: 2F
0-1: Ball
1-1: Foul Ball, location: 2F
1-2: Strikes out swinging
Batting: LHB António González 0-0: Ball
1-0: Ball
2-0: Ball
3-0: Base on Balls
Batting: LHB Ruben Yim 0-0: Swinging Strike
0-1: Swinging Strike
0-2: Strikes out swinging
Batting: RHB Júlio Rodríguez 0-0: Called Strike
0-1: Ball
1-1: Called Strike
1-2: Ball
2-2: Fielders Choice at 2nd, 6-4 (Groundball, 6)
Top of the 8th over - 0 runs, 0 hits, 0 errors, 1 left on base; Kingston Township 0 - Greenville 2
BOTTOM OF THE 8TH
Greenville 84s batting - Pitching for Kingston Township Knights : LHP Pete Rhue
Batting: RHB Scott Dourque 0-0: Fly out, F8 (Flyball, 89M)
Batting: LHB Craig Morgan 0-0: Ball
1-0: SINGLE (Groundball, 4MD)
Batting: LHB Danny Trautmann 0-0: Foul Ball, location: 2F
0-1: Swinging Strike
0-2: Ball
1-2: Strikes out swinging
Batting: RHB Edgar Baeza 0-0: Ball
1-0: Ball
2-0: Ball
3-0: Called Strike
3-1: Base on Balls
Craig Morgan to second
Batting: RHB Doug Allerdale 0-0: Called Strike
0-1: Foul Ball, location: 2F
0-2: Foul Ball, location: 2F
0-2: Ball
1-2: Fly out, F9 (Flyball, 9D)
Bottom of the 8th over - 0 runs, 1 hit, 0 errors, 2 left on base; Kingston Township 0 - Greenville 2
TOP OF THE 9TH
Kingston Township Knights batting - Pitching for Greenville 84s : RHP Valentín Montenegro
Batting: RHB Ron Bernard 0-0: Ball
1-0: Ball
2-0: Foul Ball, location: 2F
2-1: Foul Ball, location: 2F
2-2: Ball
3-2: Base on Balls
Pinch Hitting: LHB Ed Mellor 0-0: Ball
1-0: Called Strike
1-1: Foul Ball, location: 2F
1-2: Strikes out swinging
Batting: RHB Gustavo Mateo 0-0: Swinging Strike
0-1: Ball
Wild Pitch!
Ron Bernard to second
1-1: Ball
2-1: Ball
3-1: Swinging Strike
3-2: Foul Ball, location: 2F
3-2: Base on Balls
Pitching: RHP Andy Brogan
Batting: RHB Dani Trejo 0-0: Ball
1-0: Ball
2-0: Called Strike
2-1: Ball
3-1: Base on Balls
Ron Bernard to third
Gustavo Mateo to second
Batting: LHB Gustavo Cortéz 0-0: Foul Ball, location: 2F
0-1: Ball
1-1: Ball
2-1: Swinging Strike
2-2: Foul Ball, location: 2F
2-2: Foul Ball, location: 2F
2-2: Ball
3-2: Foul Ball, location: 2F
3-2: Strikes out looking
Batting: RHB Alejandro Serrato 0-0: SINGLE (Groundball, 6MD)
Ron Bernard scores
Gustavo Mateo to third
Dani Trejo to second
Runner from 3rd tries for Home, SAFE, no throw
Batting: LHB António González 0-0: Ball
1-0: Called Strike
1-1: Ground out 4-3 (Groundball, 4S)
Top of the 9th over - 2 runs, 1 hit, 0 errors, 2 left on base; Kingston Township 2 - Greenville 2
BOTTOM OF THE 9TH
Greenville 84s batting - Pitching for Kingston Township Knights : LHP Pete Rhue
Pitching: RHP Anthony Ledesma
Now at 1B: Ed Mellor
Batting: LHB Kanko Umaba 0-0: Ball
1-0: Ground out 5-3 (Groundball, 56)
Batting: RHB Thom Beach 0-0: Ground out 5-3 (Groundball, 56S)
Batting: LHB Tim Stinson 0-0: Swinging Strike
0-1: Called Strike
0-2: Ball
1-2: Strikes out looking
Bottom of the 9th over - 0 runs, 0 hits, 0 errors, 0 left on base; Kingston Township 2 - Greenville 2
TOP OF THE 10TH
Kingston Township Knights batting - Pitching for Greenville 84s : RHP Andy Brogan
Pitching: RHP Greyfriars Bobby
Batting: LHB Ruben Yim 0-0: Ball
1-0: Foul Ball, location: 2F
1-1: Called Strike
1-2: Strikes out looking
Batting: RHB Júlio Rodríguez 0-0: Ball
1-0: Ball
2-0: Ball
3-0: Base on Balls
Batting: RHB Ron Bernard 0-0: Ball
1-0: Called Strike
1-1: Ball
2-1: Called Strike
Júlio Rodríguez steals 2nd base
2-2: Foul Ball, location: 2F
2-2: Foul Ball, location: 2F
2-2: Strikes out swinging
Batting: LHB Ed Mellor 0-0: Ground out 4-3 (Groundball, 34)
Top of the 10th over - 0 runs, 0 hits, 0 errors, 1 left on base; Kingston Township 2 - Greenville 2
BOTTOM OF THE 10TH
Greenville 84s batting - Pitching for Kingston Township Knights : RHP Anthony Ledesma
Pitching: RHP John Riggleman
Batting: RHB Yasuhide Nakashima 0-0: Fly out, F8 (Flyball, 89D)
Batting: RHB Scott Dourque 0-0: Swinging Strike
0-1: Swinging Strike
0-2: Ball
1-2: Foul Ball, location: 2F
1-2: Fly out, F8 (Flyball, 78D)
Batting: LHB Craig Morgan 0-0: Called Strike
0-1: Foul Ball, location: 2F
0-2: Ball
1-2: Ball
2-2: Foul Ball, location: 2F
2-2: Fly out, F5 (Popup, 5SF)
Bottom of the 10th over - 0 runs, 0 hits, 0 errors, 0 left on base; Kingston Township 2 - Greenville 2
TOP OF THE 11TH
Kingston Township Knights batting - Pitching for Greenville 84s : RHP Greyfriars Bobby
Pitching: LHP Frenk Norman
Batting: RHB Gustavo Mateo 0-0: Ball
1-0: Called Strike
1-1: Foul Ball, location: 2F
1-2: Fly out, F9 (Flyball, 9LMF)
Batting: RHB Dani Trejo 0-0: SINGLE (Line Drive, 56D)
Pinch Hitting: RHB José Icaza 0-0: Swinging Strike
0-1: Ball
1-1: Swinging Strike
1-2: Ball
2-2: Ball
3-2: Foul Ball, location: 2F
3-2: Base on Balls
Dani Trejo to second
Batting: RHB Alejandro Serrato 0-0: Called Strike
0-1: Ball
1-1: Ground out U3 (Groundball, 3S)
Dani Trejo to third
José Icaza to second
Batting: LHB António González 0-0: Ground out 5-3 (Groundball, 5)
Top of the 11th over - 0 runs, 1 hit, 0 errors, 2 left on base; Kingston Township 2 - Greenville 2
BOTTOM OF THE 11TH
Greenville 84s batting - Pitching for Kingston Township Knights : RHP John Riggleman
Now at C: José Icaza
Batting: LHB Danny Trautmann 0-0: Ball
1-0: Swinging Strike
1-1: Ball
2-1: Foul Ball, location: 2F
2-2: Ball
3-2: Foul Ball, location: 2F
3-2: Base on Balls
Pinch Runner at 1st Kai-xi Choe:
Batting: RHB Edgar Baeza 0-0: Ball
1-0: Foul Ball, location: 2F
1-1: Ball
2-1: Fly out, F3 (Popup, 34)
Batting: RHB Doug Allerdale 0-0: Ball
1-0: Ball
Kai-xi Choe steals 2nd base
2-0: Swinging Strike
2-1: Called Strike
2-2: Ball
3-2: Strikes out looking
Pitching: LHP Ebby Calvin LaLoosh
Batting: LHB Kanko Umaba 0-0: Ball
1-0: Swinging Strike
1-1: Ball
2-1: Ball
3-1: Called Strike
3-2: Foul Ball, location: 2F
3-2: Foul Ball, location: 2F
3-2: Base on Balls
Batting: RHB Thom Beach 0-0: Called Strike
0-1: Foul Ball, location: 2F
0-2: Ball
1-2: Ball
2-2: Fly out, F7 (Flyball, 7)
Bottom of the 11th over - 0 runs, 0 hits, 0 errors, 2 left on base; Kingston Township 2 - Greenville 2
TOP OF THE 12TH
Kingston Township Knights batting - Pitching for Greenville 84s : LHP Frenk Norman
Batting: LHB Ruben Yim 0-0: Foul Ball, location: 2F
0-1: Foul Ball, location: 2F
0-2: Strikes out looking
Batting: RHB Júlio Rodríguez 0-0: Called Strike
0-1: Ball
1-1: Called Strike
1-2: Fly out, F8 (Flyball, 8RM)
Batting: RHB Ron Bernard 0-0: Ground out U3 (Groundball, 34)
Top of the 12th over - 0 runs, 0 hits, 0 errors, 0 left on base; Kingston Township 2 - Greenville 2
BOTTOM OF THE 12TH
Greenville 84s batting - Pitching for Kingston Township Knights : LHP Ebby Calvin LaLoosh
Batting: LHB Tim Stinson 0-0: Fly out, F7 (Flyball, 7LM)
Batting: RHB Yasuhide Nakashima 0-0: Foul Ball, location: 2F
0-1: Ball
1-1: Ball
2-1: Ground out 5-3 (Groundball, 56S)
Batting: RHB Scott Dourque 0-0: Called Strike
0-1: Fly out, F8 (Flyball, 8LXD)
Bottom of the 12th over - 0 runs, 0 hits, 0 errors, 0 left on base; Kingston Township 2 - Greenville 2
TOP OF THE 13TH
Kingston Township Knights batting - Pitching for Greenville 84s : LHP Frenk Norman
Pitching: LHP Billy Grange
Batting: LHB Ed Mellor 0-0: Ball
1-0: Ball
2-0: SINGLE (Groundball, 4D)
Batting: RHB Gustavo Mateo 0-0: Ball
1-0: Swinging Strike
1-1: Fly out, F8 (Flyball, 8RXD)
Batting: RHB Dani Trejo 0-0: Called Strike
0-1: Called Strike
0-2: Foul Ball, location: 2F
0-2: Ball
1-2: Strikes out looking
Batting: RHB José Icaza 0-0: Ball
1-0: Ball
2-0: Foul Ball, location: 2F
2-1: Reached on error, E8 (Flyball, 8LD)
Ed Mellor to third
Batting: RHB Alejandro Serrato 0-0: Called Strike
0-1: Ball
1-1: Ball
2-1: Ground out 4-3 (Groundball, 4)
Top of the 13th over - 0 runs, 1 hit, 1 error, 2 left on base; Kingston Township 2 - Greenville 2
BOTTOM OF THE 13TH
Greenville 84s batting - Pitching for Kingston Township Knights : LHP Ebby Calvin LaLoosh
Batting: LHB Craig Morgan 0-0: Ball
1-0: Swinging Strike
1-1: Ball
2-1: Called Strike
2-2: Strikes out swinging
Batting: SHB Kai-xi Choe 0-0: Ball
1-0: Foul Ball, location: 2F
1-1: Ball
2-1: SINGLE (Groundball, 56D)
Batting: RHB Edgar Baeza 0-0: Grounds into double play, 6-4-3 (Groundball, 56)
Bottom of the 13th over - 0 runs, 1 hit, 0 errors, 0 left on base; Kingston Township 2 - Greenville 2
TOP OF THE 14TH
Kingston Township Knights batting - Pitching for Greenville 84s : LHP Billy Grange
Batting: LHB António González 0-0: Ball
1-0: Ball
2-0: Called Strike
2-1: Foul Ball, location: 2F
2-2: Ball
3-2: Foul Ball, location: 2F
3-2: SINGLE (Groundball, 34D)
Batting: LHB Ruben Yim 0-0: Ball
1-0: Sac Bunt - play at first, batter OUT! 1-4
António González to second
Batting: RHB Júlio Rodríguez 0-0: Called Strike
0-1: Foul Ball, location: 2F
0-2: Ball
1-2: Ground out 6-3 (Groundball, 6)
Batting: RHB Ron Bernard 0-0: Ball
1-0: Ball
2-0: Foul Ball, location: 2F
2-1: Called Strike
2-2: Ball
3-2: Foul Ball, location: 2F
3-2: Base on Balls
Batting: LHB Ed Mellor 0-0: Ball
1-0: SINGLE (Groundball, 4MD)
António González to third
Ron Bernard to second
Runner from 3rd tries for Home, SAFE, throw made home
Batting: RHB Gustavo Mateo 0-0: Fielders Choice at 2nd, 5-4 (Groundball, 5)
Top of the 14th over - 1 run, 2 hits, 0 errors, 2 left on base; Kingston Township 3 - Greenville 2
BOTTOM OF THE 14TH
Greenville 84s batting - Pitching for Kingston Township Knights : LHP Ebby Calvin LaLoosh
Batting: RHB Doug Allerdale 0-0: Foul Ball, location: 2F
0-1: Ground out 4-3 (Groundball, 4)
Batting: LHB Kanko Umaba 0-0: Ball
1-0: Called Strike
1-1: Called Strike
1-2: Strikes out looking
Batting: RHB Thom Beach 0-0: Foul Ball, location: 2F
0-1: Foul Ball, location: 2F
0-2: Ball
1-2: Ball
2-2: Ball
3-2: Base on Balls
Pinch Runner at 1st Jesús Torres:
Batting: LHB Tim Stinson 0-0: Swinging Strike
0-1: Foul Ball, location: 2F
0-2: SINGLE (Flyball, 89S)
Jesús Torres to second
Runner from 2nd tries for 3rd, OUT!
Bottom of the 14th over - 0 runs, 1 hit, 0 errors, 1 left on base; Kingston Township 3 - Greenville 2
Friday, March 29th, 2019 - OOTP Baseball 18.8 Build 76